 Dungeon Crawl Stone Soup version coffee-0.2.0 (webtiles) character file.

Game seed: 260853526756575958, levelgen mode: deterministic

39 Dorkslayer the Shield-Bearer (level 3, -6/26 HPs)
             Began as an Octopode Fighter on Nov 30, 2020.
             Mangled by a gnoll
             ... wielding a +0 club
              (9 damage)
             ... on level 2 of the Dungeon.
             The game lasted 00:02:46 (720 turns).

Dorkslayer the Shield-Bearer (Octopode Fighter)      Turns: 720, Time: 00:02:46

Health: -6/26      AC:  1    Str: 16    XL:     3   Next: 47%
Magic:  3/3        EV: 13    Int: 10    God:
Gold:   36         SH:  9    Dex: 11    Spells: 2/2 levels left

rFire    . . .     SeeInvis .   a - +0 long sword
rCold    . . .     Gourm    .   b - +0 kite shield
rNeg     . . .     Faith    .   (helmet restricted)
rPois    .         Spirit   .   (no amulet)
rElec    .         Reflect  .   (no ring)
rCorr    .         Harm     .   (no ring)
MR       .....                  (no ring)
Stlth    ++++......             (no ring)
HPRegen  0.08/turn              (no ring)
MPRegen  0.08/turn              (no ring)
                                (no ring)
                                (no ring)

@: mighty
A: almost no armour, stealthy swim, amphibious, 8 rings, constrict 8, camouflage
1, gelatinous body 1
a: no special abilities


You were on level 2 of the Dungeon.
You were not hungry.

You visited 1 branch of the dungeon, and saw 2 of its levels.

You collected 36 gold pieces.

Inventory:

Hand Weapons
 a - a +0 long sword (weapon)
Armour
 b - a +0 kite shield (worn)
Scrolls
 e - a scroll of amnesia
 g - a scroll of immolation
 h - a scroll of teleportation
Potions
 c - a potion of might
Comestibles
 d - 3 rations
 f - 8 chunks of flesh


   Skills:
 + Level 3.3(4.7) Fighting
 + Level 2.3 Long Blades
 + Level 3.2(4.6) Dodging
 + Level 2.0(5.9) Stealth
 + Level 3.3(4.7) Shields


You had 2 spell levels left.
You didn't know any spells.
Your spell library was empty.

Dungeon Overview and Level Annotations

Branches:
Dungeon (2/10)             Temple (0/1) D:2

Altars:

Shops:
D:1 **


Innate Abilities, Weirdness & Mutations

You cannot wear most types of armour.
You are very stealthy in the water. (Stealth+)
You are amphibious.
You can wear up to eight rings at the same time.
You can use your tentacles to constrict eight enemies at once.
Your skin changes colour to match your surroundings (Stealth+).
Your rubbery body absorbs attacks. (AC +1, EV +1)


Message History

f - 8 chunks of flesh (gained 2)
You see here 6 bolts.
A gnoll comes into view.
It is wielding a +0 club. 2 gnolls come into view.
The gnoll shouts!
You hear a bark!
A gnoll comes into view. It is wielding a +0 spear.
You see here 11 gold pieces.
You now have 36 gold pieces (gained 11).
A jackal comes into view.
The gnoll hits you from afar with a +0 spear.
A giant cockroach comes into view.
The gnoll hits you with a +0 club!
* * * LOW HITPOINT WARNING * * *
The jackal barks!
Found an escape hatch in the ceiling.
You see here 4 gold pieces.
You block the gnoll's attack.
You feel very mighty all of a sudden. The gnoll hits you with a +0 club!
You die...

#..##.........##
#. #.(......... #
#.......gg..
#...........
#..........g
#....h......
###.........
#.#.#####$######..
#.<....@g.# ..
#...####### #


You could see 2 gnolls and a jackal.

Vanquished Creatures
  A gnoll (D:1)
  A worm (D:2)
  A dart slug (D:1)
  A leopard gecko (D:1)
  A bat (D:1)
  2 giant cockroaches (D:1)
  4 goblins (D:1)
  2 hobgoblins (D:1)
  4 kobolds (D:1)
  A ball python (D:1)
  2 frilled lizards (D:1)
  5 rats
25 creatures vanquished.

Notes
Turn   | Place    | Note
-------+----------+-------------------------------------------
     0 | D:1      | Dorkslayer the Octopode Fighter began the quest for the
                  | Orb.
     0 | D:1      | Reached XP level 1. HP: 16/16 MP: 1/1
   211 | D:1      | Reached XP level 2. HP: 21/21 MP: 2/2
   311 | D:1      | Found Wibin's General Store.
   355 | D:1      | Reached skill level 1 in Stealth
   406 | D:1      | Reached XP level 3. HP: 26/26 MP: 3/3
   568 | D:1      | Found Fuvvyhaq's Assorted Antiques.
   697 | D:2      | Found a staircase to the Ecumenical Temple.
   720 | D:2      | Mangled by a gnoll

Levels and vault maps discovered:
D:1:      minmay_arrival_stair_chambers, layout_basic, serial_shops,
          kennysheep_mini_moat, shop
D:2:      layout_basic, lemuel_crystal_altar, minmay_temple_entry_statues,
          first_ration

Skill      XL: |  1  2  3 |
---------------+----------+-----
Stealth        | 1 2 |  2.0
Fighting       | |  3.3
Long Blades    | |  2.3
Dodging        | |  3.2
Shields        | |  3.3

Action                   || total
-------------------------++-------
Melee: Long sword        ||    34
       Constrict         ||    10
       Tentacles         ||     6
  Use: Potion            ||     1
 Stab: Sleeping          ||    13
Armor: Skin              ||     1
Dodge: Dodged            ||     9
Block: Kite shield       ||    13
       Rpst.: Long sword ||     3
